 Seeded DCSS version 0.30-a0-696-g2367cd04db (webtiles) character file.

Game seed: 2721199303573115971 (custom seed)

9 acebull12 the Shield-Bearer (level 2, -1/27 HPs)
             Began as a Minotaur Fighter on Jan 20, 2023.
             Engulfed by a cloud of flame (9 damage)
             ... on level 2 of the Dungeon.
             The game lasted 00:01:41 (879 turns).

acebull12 the Shield-Bearer (Minotaur Fighter)       Turns: 879, Time: 00:01:41

Health: -1/27      AC:  7    Str: 20    XL:     2   Next: 3%
Magic:  1/1        EV: 11    Int:  5    God:
Gold:   76         SH:  8    Dex:  9    Spells: 1/1 levels left

rFire   + . .      SeeInvis .    o - +10 zealot's sword {holy, Zealotry, *Rage rN+ EV+3}
rCold   + . .      Faith    .    e - +0 kite shield
rNeg    + . .      Spirit   .    b - +0 scale mail
rPois   .          Reflect  .    (helmet restricted)
rElec   .          Harm     .    g - scarf {rC+ rF+}
rCorr   .          Rampage  .    (no gloves)
Will    .....      Rage     20%  (no boots) Stlth
                                 (no amulet)
HPRegen 0.24/turn                (no ring)
MPRegen 0.07/turn                (no ring)

@: no status effects
A: horns 2, retaliatory headbutt
a: no special abilities


You were on level 2 of the Dungeon.
You visited 1 branch of the dungeon, and saw 2 of its levels.

You collected 76 gold pieces.

Inventory:

Hand Weapons
 o - the +10 zealot's sword (weapon) {holy, Zealotry, *Rage rN+ EV+3}
   (You found it on level 2 of the Dungeon)

   Zealotry:  Whenever the wielder enters a berserk rage, their allies are
   berserked alongside them.
   EV:        It affects your evasion (+3).
   rN:        It protects you from negative energy.
   *Rage:     It berserks you when you make melee attacks (+20% chance).
Missiles
 k - 19 stones (quivered)
Armour
 b - a +0 scale mail (worn)
 e - a +0 kite shield (worn)
 g - a scarf of resistance (worn)
Jewellery
 m - an amulet of regeneration
Scrolls
 a - a scroll of fog
 c - a scroll of fear
Potions
 d - a potion of might
 h - a potion of degeneration {unknown}
 i - a potion of brilliance {unknown}
 j - a potion of mutation {unknown}


   Skills:
 + Level 3.8 Fighting
 * Level 2.5 Long Blades
 * Level 3.8 Armour
 * Level 3.9 Shields


You had one spell level left.
You didn't know any spells.
Your spell library was empty.

Dungeon Overview and Level Annotations

Branches:
Dungeon (2/15)

Altars:


Innate Abilities, Weirdness & Mutations

You have a pair of horns on your head.
You reflexively headbutt those who attack you in melee.


Message History

You kill the hobgoblin!
You have reached level 2!
Found three items.
Really walk into a travel-excluded area?
Found three items.
You are engulfed in blazing flames.
You resist.
You are engulfed in blazing flames.
You resist.
Found a scale mail.
You are engulfed in blazing flames.
You resist.
* * * LOW HITPOINT WARNING * * *
f - 4 scrolls labelled QAAVOM YMO (gained 1)
You see here the +10 zealot's sword {holy, Zealotry, *Rage rN+ EV+3}.
The +10 zealot's sword {holy, Zealotry, *Rage rN+ EV+3} softly glows with a divine radiance!
o - the +10 zealot's sword (weapon)
{holy, Zealotry, *Rage rN+ EV+3} You drop a +0 long sword.
You now have 59 gold pieces (gained 10).
You start resting.
HP restored.
You now have 76 gold pieces (gained 17).
a - a scroll labelled QOCIOJ VEYZ
As you read the scroll labelled QAAVOM YMO, it crumbles to dust.
It is a scroll of identify.
a - a scroll of fog
As you read the scroll of identify, it crumbles to dust.
c - a scroll of fear
As you read the scroll of identify, it crumbles to dust.
n - a potion of berserk rage
As you read the scroll of identify, it crumbles to dust.
l - a potion of magic You drop a potion of magic.
You drop a potion of berserk rage.
Really walk into a travel-excluded area?
Found 12 gold pieces.
Really walk into that cloud of flame?
You are engulfed in blazing flames.
You resist.
You are engulfed in blazing flames.
You resist.
* * * LOW HITPOINT WARNING * * *
Really walk into that cloud of flame?
A rat comes into view.
You are engulfed in blazing flames.
You resist.
You die...

#..## #...# #§§○# #
#°§§# #. #○°§# #
#.######...#####..
#...§§§.))..§°☼.##
r###...○§§.....☼§§..#
...$...@§°.!...○○§...
####..#####...######.
.... #°§.# #### #§.§#
#☼☼.# # #...######.#
##.........#
#####..####
####...######


You could see a rat (asleep).

Vanquished Creatures
  An endoplasm (D:1)
  A giant cockroach (D:1)
  A hobgoblin (D:2)
  A quokka (D:1)
  2 ball pythons (D:1)
  2 frilled lizards (D:1)
  A rat (D:1)
9 creatures vanquished.

Notes
Turn   | Place    | Note
-------+----------+-------------------------------------------
     0 | D:1      | acebull12 the Minotaur Fighter began the quest for the Orb.
     0 | D:1      | Reached XP level 1. HP: 19/19 MP: 0/0
   759 | D:2      | Reached XP level 2. HP: 27/27 MP: 1/1
   765 | D:2      | Found the +10 zealot's sword {holy, Zealotry, *Rage rN+
                  | EV+3}
   879 | D:2      | Engulfed by a cloud of flame

Illustrated notes

Levels and vault maps discovered:
D:1:      sevenhm_arrival_forest_fort_large_2, layout_rooms,
          roderic_roman_lattice
D:2:      layout_loops_corners, serial_shops, nicolae_shop_advertising_works
          [nicolae_subvault_shop_adworks], lemuel_flame_loot_1

Action                   || total
-------------------------++-------
Melee: Long sword        ||    18
       Headbutt          ||     2
  Use: Scroll            ||     4
Armor: Scale mail        ||     7
Dodge: Dodged            ||     3
Block: Kite shield       ||     9

Table legend: (Time is in decaauts)
 A = Elapsed time spent in this place.
 B = Non-inter-level travel time spent in this place.
 C = Inter-level travel time spent in this place.
 D = Time resting spent in this place.
 E = Time spent auto-exploring this place.
 F = Levels seen in this place.
 G = Mean time per level.
                   A        B        C        D        E       F      G
               +--------+--------+--------+--------+--------+-----+--------+
         Total |    887 |    810 |     77 |     87 |    573 |   2 |  443.5 |
       Dungeon |    887 |    810 |     77 |     87 |    573 |   2 |  443.5 |
               +--------+--------+--------+--------+--------+-----+--------+

Top non-repeatable levels by time:
     D:1: 762 daAuts
     D:2: 124 daAuts
